 Dungeon Crawl Stone Soup version 0.19.0-19-g8c6edcc (webtiles) character file.

79 Monsterracer the Chopper (level 4, 0/44 HPs)
             Began as a Deep Dwarf Fighter on Nov 14, 2016.
             Slain by a worm (7 damage)
             ... on level 3 of the Dungeon.
             The game lasted 00:04:46 (1052 turns).

Monsterracer the Chopper (Deep Dwarf Fighter)       Turns: 1052, Time: 00:04:47

Health: 0/44       AC:  9    Str: 22    XL:     4   Next: 16%
Magic:  6/6        EV:  5    Int:  9    God:
Gold:   135        SH:  9    Dex: 13    Spells: 0 memorised, 3 levels left

rFire  . . .     SeeInvis .     a - +0 war axe
rCold  . . .     Gourm    .     q - +0 chain mail
rNeg   . . .     Faith    .     c - +0 shield
rPois  .         Spirit   .     (helmet restricted)
rElec  .         Reflect  .     (no cloak)
rCorr  .         Harm     .     (no gloves)
MR     .....                    (no boots)
Stlth  ..........               (no amulet)
                                (no ring)
                                (no ring)

@: mighty, non-regenerating, drained
A: damage resistance, recharge devices, antennae 1, sense surroundings 1, robust
1, slow regeneration 3, weak 1
a: Device Recharging


You were on level 3 of the Dungeon.
You were hungry.

You visited 1 branch of the dungeon, and saw 3 of its levels.

You collected 135 gold pieces.

Inventory:

Hand Weapons
 a - a +0 war axe (weapon)
Armour
 c - a +0 shield (worn)
 q - a +0 chain mail (worn)
Jewellery
 g - an uncursed amulet of magic regeneration
 j - an uncursed ring of magical power
Wands
 e - a wand of heal wounds (5/9)
Scrolls
 h - 2 scrolls of magic mapping {unknown}
 k - 2 scrolls of remove curse {unknown}
 l - 2 scrolls of identify {unknown}
 m - 3 scrolls of amnesia {unknown}
 n - a scroll of fog {unknown}
 o - a scroll of teleportation {unknown}
 p - a scroll of enchant armour {unknown}
Comestibles
 b - 2 chunks of flesh
 f - a bread ration
 i - a slice of pizza


   Skills:
 - Level 2.6(2.3) Fighting
 * Level 4.2(3.8) Axes
 - Level 3.2(2.9) Armour
 - Level 3.2(2.9) Shields
 + Level 2.6(2.3) Evocations


You had 3 spell levels left.
You didn't know any spells.

Dungeon Overview and Level Annotations

Branches:
Dungeon (3/15)

Altars:
Vehumet


Innate Abilities, Weirdness & Mutations

You are resistant to damage.
You can recharge devices by infusing magical energy.
You passively map a small area around you.
You do not regenerate.
You have a pair of small antennae on your head.
You are robust. (+10% HP)
You are weak. (Str -2)


Message History

You feel very mighty all of a sudden. The worm bites you but does no damage.
You slash the worm!
The worm is almost dead.
You slash the worm!
You kill the worm!
Your shield and chain mail prevent you from hitting the worm.
The worm barely misses you.
You barely miss the worm. The worm bites you.
* * * LOW HITPOINT WARNING * * *
Your chain mail prevents you from hitting the worm.
You completely miss the worm. The worm bites you but does no damage.
You slash the worm!
The worm is almost dead.
The worm bites you.
* * * LOW HITPOINT WARNING * * *
Your chain mail prevents you from hitting the worm.
The worm is severely wounded.
The worm bites you!
You die...

* ,, * * , , # ,# ,
* ##.### *.#* # *
##...<######$##...
* #$.....##......#.
,,, ,
............@w#....
*
*.##.........†....#
,
#..........!.##...
,, ##.......#.### #
, ##.....##.# *
....#...... *
##.##.##..... #.*#.
.....# , #. ...#


You could see a worm.

Vanquished Creatures
  2 adders (D:2)
  A worm (D:3)
  A dart slug (D:1)
  A leopard gecko (D:1)
  9 bats
  3 giant cockroaches
  10 goblins
  6 hobgoblins
  4 jackals (D:1)
  6 kobolds
  A frilled lizard (D:2)
  4 rats
48 creatures vanquished.

Notes
Turn   | Place    | Note
-------+----------+-------------------------------------------
     0 | D:1      | Monsterracer the Deep Dwarf Fighter began the quest for the Orb.
     0 | D:1      | Reached XP level 1. HP: 20/20 MP: 1/1
    26 | D:1      | Gained mutation: You are robust. (+10% HP) [potion of beneficial mutation]
    36 | D:1      | Reached skill level 1 in Evocations
    89 | D:1      | Reached XP level 2. HP: 18/29 MP: 2/2
   182 | D:1      | Reached skill level 3 in Axes
   339 | D:1      | Reached XP level 3. HP: 17/36 MP: 4/4
   587 | D:2      | Gained mutation: You have a pair of small antennae on your head. [potion of mutation]
   587 | D:2      | Gained mutation: You are weak. (Str -2) [potion of mutation]
   666 | D:2      | Reached skill level 4 in Axes
   764 | D:2      | Found a radiant altar of Vehumet.
   949 | D:2      | Reached XP level 4. HP: 10/44 MP: 5/5
  1052 | D:3      | Slain by a worm

Skill      XL: |  1  2  3 |
---------------+----------+-----
Evocations     | 1 2 |  2.6
Axes           | 3 4 |  4.2
Fighting       | |  2.6
Armour         | |  3.2
Shields        | |  3.2

Action                   |  1- 3 |  4- 6 || total
-------------------------+-------+-------++-------
Melee: War axe           |   154 |    14 ||   168
  Use: Potion            |     4 |     1 ||     5
Armor: Scale mail        |    78 |       ||    78
       Chain mail        |    11 |     5 ||    16
Dodge: Dodged            |    47 |     1 ||    48
Block: Shield            |    88 |     3 ||    91
